 Dungeon Crawl Stone Soup version 0.27.1-3-gb3d3a73c9e (webtiles) character file.

Game seed: 13629758755343008019

236 Urokeeper the Covert (level 6, -2/40 HPs)
             Began as a Kobold Brigand on Oct 11, 2021.
             Slain by an orc wizard (3 damage)
             ... on level 3 of the Dungeon.
             The game lasted 00:05:22 (2271 turns).

Urokeeper the Covert (Kobold Brigand)               Turns: 2271, Time: 00:05:23

Health: -2/40      AC:  3    Str:  9    XL:     6   Next: 27%
Magic:  6/6        EV: 14    Int: 12    God:
Gold:   158        SH:  0    Dex: 18    Spells: 5/5 levels left

rFire    . . .     SeeInvis .   a - +4 dagger
rCold    . . .     Faith    .   (shield restricted)
rNeg     . . .     Spirit   .   b - +0 robe
rPois    .         Reflect  .   (no helmet)
rElec    .         Harm     .   c - +0 cloak
rCorr    .         Rampage  .   (no gloves)
Will     +....                  (no boots)
Stlth    +++++.....             (no amulet)
HPRegen  0.13/turn              g - ring of willpower
MPRegen  0.10/turn              (no ring)

@: no status effects
A: small, no large weapons, nightstalker 3
a: no special abilities


You were on level 3 of the Dungeon.
You visited 1 branch of the dungeon, and saw 3 of its levels.

You collected 158 gold pieces.

Inventory:

Hand Weapons
 a - a +4 dagger (weapon)
 q - a +1 dagger of venom
Missiles
 d - 20 poisoned darts (quivered)
 f - 3 boomerangs
Armour
 b - a +0 robe (worn)
 c - a +0 cloak (worn)
Jewellery
 g - a ring of willpower (left hand)
Wands
 l - a wand of iceblast (10)
Scrolls
 i - a scroll of noise {unknown}
 k - 2 scrolls of identify {unknown}
 p - a scroll of teleportation {unknown}
Potions
 h - 2 potions of curing {unknown}
 j - a potion of heal wounds {unknown}
 m - a potion of degeneration {unknown}
 n - a potion of might {unknown}
 o - a potion of lignification {unknown}


   Skills:
 + Level 5.0 Fighting
 - Level 2.6 Short Blades
 - Level 2.1 Throwing
 - Level 1.2 Dodging
 + Level 8.0 Stealth


You had 5 spell levels left.
You didn't know any spells.
Your spell library contained the following spells:

 Spells                   Type           Power      Damage    Failure   Level
 Dispersal                Tloc           0%         N/A       100%        6
 Disjunction              Tloc           0%         N/A       100%        8


Dungeon Overview and Level Annotations

Branches:
Dungeon (3/15)

Altars:
Hepliaklqana

Shops:
D:1 *


Innate Abilities, Weirdness & Mutations

You are small and have problems with some larger weapons.
You are completely attuned to the shadows.


Message History

Okay, then.
The orc wizard closely misses you.
You barely miss the orc wizard.
The orc wizard hits you with a +0 dagger.
You barely miss the orc wizard. The orc wizard completely misses you.
You hit the orc wizard.
The orc wizard is moderately wounded.
The orc wizard hits you with a +0 dagger.
You hit the orc wizard but do no damage.
The orc wizard is moderately wounded.
The orc wizard gestures wildly while chanting.
The orc wizard flickers and vanishes!
You barely miss something. You closely miss the orc. Something hits you.
The orc barely misses you.
You hit the orc.
The orc is severely wounded.
Something hits you.
You completely miss the orc.
The orc is severely wounded.
The orc hits you with a +0 hand axe.
You hit the orc.
You kill the orc!
Something hits you.
Your Stealth skill increases to level 8!
A magic dart appears from out of thin air!
The magic dart hits you. Something hits you.
You miss something. Something hits you.
You hit something. Something hits you.
* * * LOW HITPOINT WARNING * * *
You hit something but do no damage. Something hits you.
* * * LOW HITPOINT WARNING * * *
You hit something. Something hits you.
* * * LOW HITPOINT WARNING * * *
You hit something. Something hits you.
* * * LOW HITPOINT WARNING * * *
You barely miss something. Something hits you.
* * * LOW HITPOINT WARNING * * *
You miss something. Something hits you.
You die...

..#.)#.##..###.## #.#
........#.## #.# #.#
.....#.#..# #.# ##.##
##...).#..####.###...#
#.............#.....#
#...................#
........(..>..†#.##.##
##.............#.##.#
.....(....#@##.#
....{...){...#
........#)#..#
........#.#..#
....###.#.#..# ###.
#<#.#..# . ....#


There were no monsters in sight!

Vanquished Creatures
  Sigmund (D:3)
  An orc wizard (D:3)
  Robin (D:3)
  2 worms (D:3)
  3 orcs (D:3)
  3 endoplasms
  2 giant cockroaches (D:3)
  6 hobgoblins
  A kobold (D:3)
  A ball python (D:1)
  A bat (D:1)
  A frilled lizard (D:1)
  9 goblins (D:3)
  4 rats
36 creatures vanquished.

Notes
Turn   | Place    | Note
-------+----------+-------------------------------------------
     0 | D:1      | Urokeeper the Kobold Brigand began the quest for the Orb.
     0 | D:1      | Reached XP level 1. HP: 12/12 MP: 1/1
     7 | D:1      | Noticed an iguana
     7 | D:1      | Noticed a swamp drake
   162 | D:1      | Noticed a black mamba
   163 | D:1      | Noticed a black bear
   217 | D:1      | Found Osotaz's General Store.
   352 | D:1      | Reached XP level 2. HP: 18/18 MP: 2/2
  1138 | D:2      | Found a faded altar of an unknown god.
  1644 | D:3      | Found a hazy altar of Hepliaklqana.
  1791 | D:3      | Noticed Sigmund
  1795 | D:3      | Killed Sigmund
  1796 | D:3      | Reached skill level 7 in Stealth
  1796 | D:3      | Reached XP level 3. HP: 24/24 MP: 3/3
  1796 | D:3      | Reached XP level 4. HP: 30/30 MP: 4/4
  1796 | D:3      | Reached XP level 5. HP: 34/34 MP: 5/5
  1874 | D:3      | Noticed Robin
  1878 | D:3      | Killed Robin
  1879 | D:3      | Reached XP level 6. HP: 26/39 MP: 6/6
  2251 | D:3      | Reached skill level 5 in Fighting
  2262 | D:3      | Reached skill level 8 in Stealth
  2270 | D:3      | HP: 1/40 [something (4)]
  2271 | D:3      | Slain by an orc wizard

Illustrated notes

Levels and vault maps discovered:
D:1:      onia_arrival_zoo_common, layout_loops_cross, serial_shops, shop
D:2:      layout_basic, ebering_ecumenical_altar_mist
D:3:      layout_loops_ring, worldfamousw_hep_ancestral_shrine, serial_shops,
          shop, shop, uniq_robin, uniq_sigmund, uniq_jessica

Skill      XL: |  1  2  3  4  5  6 |
---------------+-------------------+-----
Fighting       | 4 5 |  5.0
Stealth        | 7 8 |  8.0
Short Blades   | |  2.6
Throwing       | |  2.1
Dodging        | |  1.2

Action                   |  1- 3 |  4- 6 || total
-------------------------+-------+-------++-------
Melee: Dagger            |    24 |    59 ||    83
Throw: Dart              |       |     3 ||     3
  Use: Scroll            |     2 |       ||     2
 Stab: Sleeping          |    13 |       ||    13
Armor: Robe              |     3 |     7 ||    10
Dodge: Dodged            |     7 |    22 ||    29
